 Dungeon Crawl Stone Soup version 0.29.1-2-gbd0b4ee654 (webtiles) character file.

Game seed: 17159278289718326899

34839 qeuew the Spry (level 13, -8/107 HPs)
             Began as a Merfolk Gladiator on Nov 9, 2022.
             Was an Initiate of Gozag.
             Mangled by a boulder beetle (45 damage)
             ... on level 3 of the Lair of Beasts on Nov 10, 2022.
             The game lasted 00:42:31 (23710 turns).

qeuew the Spry (Merfolk Gladiator)                 Turns: 23710, Time: 00:42:32

Health: -8/107     AC:  9    Str: 21    XL:     13   Next: 80%
Magic:  13/13      EV: 26    Int:  6    God:    Gozag
Gold:   1221       SH:  0    Dex: 23    Spells: 12/12 levels left

rFire   + . .      SeeInvis .   a - +1 trident (protect)
rCold   . . .      Faith    .   (no shield)
rNeg    . . .      Spirit   .   k - +0 ring mail
rPois   +          Reflect  .   c - +0 helmet
rElec   .          Harm     .   (no cloak)
rCorr   .          Rampage  .   (no gloves)
Will    .....                   i - +0 pair of boots
Stlth   +.........              (no amulet)
HPRegen 0.27/turn               h - +6 ring of dexterity
MPRegen 0.13/turn               x - ring of poison resistance

@: studying Dodging
A: (nimble swimmer 2), mertail, fire resistance 1, strong 1
a: Renounce Religion, Potion Petition, Call Merchant, Bribe Branch


You were on level 3 of the Lair of Beasts.
You worshipped Gozag.
Gozag was most pleased with you.
You visited 2 branches of the dungeon, and saw 15 of its levels.

You collected 4166 gold pieces.
You spent 377 gold pieces at shops.
You paid 2568 gold pieces to Gozag.

Inventory:

Hand Weapons
 a - a +1 trident of protection (weapon)
Missiles
 e - a javelin (quivered)
Armour
 c - a +0 helmet (worn)
 i - a +0 pair of boots (worn)
 k - a +0 ring mail (worn)
Jewellery
 h - a +6 ring of dexterity (left hand)
 x - a ring of poison resistance (right hand)
Wands
 d - a wand of mindburst (7)
 f - a wand of roots (17)
 n - a wand of paralysis (5)
 p - a wand of quicksilver (9)
 t - a wand of digging (3)
 D - a wand of flame (14)
 F - a wand of polymorph (3)
Scrolls
 b - 7 scrolls of teleportation
 u - a scroll of magic mapping
 v - a scroll of amnesia
 y - a scroll of fear
 B - a scroll of enchant weapon
 E - a scroll of summoning
Potions
 g - a potion of heal wounds
 j - 4 potions of haste
 l - 2 potions of cancellation
 m - 6 potions of curing
 o - 2 potions of flight
 q - 6 potions of mutation
 s - a potion of brilliance
 w - 4 potions of ambrosia
 C - a potion of berserk rage
 H - a potion of magic


   Skills:
 + Level 11.7 Fighting
 + Level 14.1 Polearms
 + Level 10.8 Throwing
 + Level 8.1 Armour
 + Level 18.6 Dodging


You had 12 spell levels left.
You didn't know any spells.
Your spell library contained the following spells:

 Spells                   Type           Power      Damage    Failure   Level
 Beastly Appendage        Tmut           0%         N/A       58%         1
 Sublimation of Blood     Necr           0%         N/A       75%         2
 Wereblood                Tmut           0%         N/A       75%         2
 Gell's Gravitas          Tloc           0%         N/A       92%         3
 Lesser Beckoning         Tloc           0%         N/A       92%         3
 Spider Form              Tmut/Pois      0%         N/A       92%         3
 Teleport Other           Tloc           0%         N/A       92%         3
 Anguish                  Hex/Necr       0%         N/A       100%        4
 Petrify                  Tmut/Erth      0%         N/A       100%        4
 Irradiate                Conj/Tmut      0%         3d11      100%        5
 Enfeeble                 Hex            0%         N/A       100%        7
 Haunt                    Necr/Summ      0%         N/A       100%        7
 Infestation              Necr           0%         N/A       100%        8
 Animate Dead             Necr           Unusable   N/A       N/A         4

Dungeon Overview and Level Annotations

Branches:
Dungeon (12/15)            Temple (0/1) D:5            Lair (3/5) D:11
 Spider (0/4) Lair:2          Orc (0/2) D:11
  Swamp: Lair:2-3    Shoals: Lair:2-3

Altars:
Ashenzari
Dithmenos
Fedhas
Gozag
Hepliaklqana
Makhleb
Ru
Uskayaw
Xom
Yredelemnul
The Shining One
Jiyva

Shops:
D:1 (   D:8 !   D:10 (

Annotations:
Lair:2 exclusion: 4 oklob plants


Innate Abilities, Weirdness & Mutations

((You are very nimble when in or above water. (Stealth+, EV+, Speed+++)))
Your lower body shifts to a powerful aquatic tail in water.
Your flesh is heat resistant. (rF+)
Your muscles are strong. (Str +4, Int/Dex -1)


Message History

The boulder beetle bites you.
You hit the boulder beetle.
The boulder beetle is almost dead.
You hit the boulder beetle but do no damage.
The boulder beetle is almost dead.
The boulder beetle bites you!
You hit the boulder beetle.
The boulder beetle is almost dead.
You hit the boulder beetle but do no damage.
The boulder beetle is almost dead.
The boulder beetle completely misses you.
You barely miss the boulder beetle.
The boulder beetle is almost dead.
The boulder beetle leaps!
The boulder beetle leaps!
The boulder beetle completely misses you.
You hit the boulder beetle but do no damage.
The boulder beetle is almost dead.
You hit the boulder beetle but do no damage.
The boulder beetle is almost dead.
The boulder beetle bites you.
You hit the boulder beetle.
The boulder beetle is almost dead.
You hit the boulder beetle but do no damage.
The boulder beetle is almost dead.
The boulder beetle completely misses you.
You hit the boulder beetle but do no damage.
The boulder beetle is almost dead.
The boulder beetle completely misses you.
You hit the boulder beetle but do no damage.
The boulder beetle is almost dead.
You hit the boulder beetle but do no damage.
The boulder beetle is almost dead.
The boulder beetle leaps!
Found 20 gold pieces.
The boulder beetle leaps!
A boulder beetle is nearby!
The boulder beetle curls into a ball and begins rolling!
The boulder beetle hits you!!!
You die...
Your body crumbles into a pile of gold.

. $ . ## #......... #
###..# ##.........
##..#.##. ##..........
.........$° ....(......
........... ..........
............ °......
..###..P #.# #B..## ..##
####.###@...# # ##
..P######.###.##....##.#.P.
...........................
.............$.............
.............$.............
#P##.##.##....##.##.###.)#.
###########...####### ##
#...# #.....#


You could see a boulder beetle (rolling).

Vanquished Creatures
  Snorg (D:10)
  Fannar (D:12)
  Harold (Lair:1)
  A centaur warrior (D:10)
  2 boulder beetles
  3 two-headed ogres
  6 death yaks
  An ugly thing (D:12)
  3 slime creatures (D:12)
  A cyclops (D:12)
  Maurice (D:9)
  A black mamba (Lair:2)
  8 cane toads
  A gargoyle (D:12)
  5 komodo dragons
  4 rime drakes
  A queen bee (Lair:2)
  2 trolls
  8 blink frogs
  A culicivora (Lair:2)
  6 basilisks
  7 wyverns
  2 wraiths
  44 yaks
  2 fire bats (Lair:1)
  3 steam dragons
  Menkaure (D:5)
  Edmund (D:6)
  2 acid dragons
  8 water moccasins
  2 sky beasts (D:6)
  5 orc warriors
  A black bear (Lair:1)
  10 wolves
  A centaur (D:9)
  2 phantoms
  5 kobold brigands
  Blork the orc (D:5)
  10 bullfrogs
  3 scorpions (D:4)
  4 wights
  37 killer bees
  4 howler monkeys
  A lava snake (D:10)
  2 crimson imps
  7 jellies
  7 hounds
  3 gnoll boudas
  10 orc priests
  2 iguanas
  Natasha (thrice) (D:2)
  10 orc wizards
  7 gnolls
  9 adders
  A white imp (D:7)
  3 worms (D:2)
  6 dart slugs
  50 orcs
  7 bats
  5 endoplasms
  A giant cockroach (D:1)
  4 goblins
  7 hobgoblins
  3 quokkas
  10 ball pythons
  2 frilled lizards
  2 goblin zombies (D:3)
  4 hobgoblin zombies (D:3)
  28 kobolds
  2 kobold skeletons (D:3)
  A kobold zombie (D:3)
  5 rats
415 creatures vanquished.

Vanquished Creatures (others)
  A bush (D:10)
  17 fungi
  21 plants
39 creatures vanquished.

Grand Total: 454 creatures vanquished

Notes
Turn   | Place    | Note
-------+----------+-------------------------------------------
     0 | D:1      | qeuew the Merfolk Gladiator began the quest for the Orb.
     0 | D:1      | Reached XP level 1. HP: 16/16 MP: 1/1
   131 | D:1      | Found a faded altar of an unknown god.
   286 | D:1      | Reached XP level 2. HP: 17/23 MP: 2/2
   512 | D:1      | Found Tiacka's Weapon Shoppe.
   842 | D:1      | Gained mutation: You sometimes lose your temper in combat.
                  | [potion of mutation]
   843 | D:1      | Lost mutation: You sometimes lose your temper in combat.
                  | [potion of mutation]
   843 | D:1      | Gained mutation: Your muscles are strong. (Str +4, Int/Dex
                  | -1) [potion of mutation]
   843 | D:1      | Gained mutation: Your flesh is heat resistant. (rF+)
                  | [potion of mutation]
   876 | D:2      | Reached XP level 3. HP: 28/28 MP: 3/3
   965 | D:2      | Found a hide-covered altar of Uskayaw.
  1314 | D:2      | Noticed Natasha
  1330 | D:2      | Killed Natasha
  1331 | D:2      | Reached skill level 1 in Armour
  1331 | D:2      | Reached XP level 4. HP: 2/34 MP: 4/4
  1695 | D:2      | Noticed Natasha
  1701 | D:2      | Killed Natasha
  1706 | D:2      | Noticed Natasha
  1717 | D:2      | Killed Natasha
  1718 | D:2      | Reached XP level 5. HP: 20/41 MP: 5/5
  1887 | D:2      | Reached skill level 5 in Dodging
  2266 | D:3      | Reached skill level 5 in Polearms
  2453 | D:3      | Found an opulent altar of Gozag.
  2461 | D:3      | Became a worshipper of Gozag Ym Sagoz the Greedy
  2510 | D:3      | Reached XP level 6. HP: 39/47 MP: 6/6
  2752 | D:3      | Found a glowing golden altar of the Shining One.
  2935 | D:3      | Found a shimmering altar of Xom.
  2937 | D:3      | Found a broken altar of Ashenzari.
  2937 | D:3      | Found a hide-covered altar of Uskayaw.
  3117 | D:3      | Found a basalt altar of Yredelemnul.
  3117 | D:3      | Found a burning altar of Makhleb.
  3117 | D:3      | Found a shimmering altar of Xom.
  3487 | D:4      | Reached XP level 7. HP: 17/54 MP: 7/7
  3516 | D:4      | Reached skill level 6 in Dodging
  4234 | D:4      | Identified a scroll of acquirement
  4234 | D:4      | Acquired a manual of Dodging
  4269 | D:5      | Entered Level 5 of the Dungeon
  4269 | D:5      | Noticed a wyvern
  4291 | D:4      | Killed a wyvern
  4292 | D:4      | Reached XP level 8. HP: 25/61 MP: 8/8
  4473 | D:5      | Found a staircase to the Ecumenical Temple.
  4625 | D:5      | Reached skill level 7 in Dodging
  4705 | D:5      | Noticed Menkaure
  4722 | D:5      | Killed Menkaure
  4723 | D:5      | Reached skill level 5 in Fighting
  4937 | D:5      | Noticed Blork the orc
  4978 | D:5      | Killed Blork the orc
  5538 | D:5      | Identified the +1 chain mail of the Marlin {rF+ rCorr}
  5732 | D:6      | Reached skill level 8 in Dodging
  5814 | D:6      | Noticed Edmund
  5850 | D:6      | Killed Edmund
  5851 | D:6      | Reached skill level 5 in Throwing
  6038 | D:6      | Reached XP level 9. HP: 48/69 MP: 9/9
  6044 | D:6      | Reached skill level 9 in Dodging
  6447 | D:6      | Found a broken altar of Ashenzari.
  7173 | D:7      | Reached skill level 10 in Dodging
  8417 | D:8      | Reached skill level 11 in Dodging
  8417 | D:8      | Reached XP level 10. HP: 79/79 MP: 10/10
  8470 | D:8      | Paralysed by a kobold brigand for 4 turns
  8480 | D:8      | Paralysed by a kobold brigand for 4 turns
  8867 | D:8      | Found Anolexte's Distillery.
  8877 | D:8      | Bought a potion of ambrosia for 104 gold pieces
  8877 | D:8      | Bought a potion of heal wounds for 65 gold pieces
  8877 | D:8      | Bought 2 potions of ambrosia for 208 gold pieces
  9228 | D:9      | Reached skill level 12 in Dodging
  9468 | D:9      | Reached skill level 5 in Armour
 10037 | D:9      | Reached skill level 10 in Polearms
 10177 | D:9      | Noticed Maurice
 10221 | D:9      | Killed Maurice
 10287 | D:9      | Reached skill level 13 in Dodging
 10307 | D:9      | Reached XP level 11. HP: 49/87 MP: 11/11
 10626 | D:9      | Found a shadowy altar of Dithmenos.
 10631 | D:9      | Found a hazy altar of Hepliaklqana.
 10796 | D:10     | Entered Level 10 of the Dungeon
 10879 | D:10     | Noticed a centaur warrior
 10883 | D:10     | Found Ruzidofy's Firing Range.
 10893 | D:10     | Killed a centaur warrior
 11207 | D:10     | HP: 1/87 [acid dragon/splash of acid (18)]
 12016 | D:9      | Reached skill level 14 in Dodging
 12341 | D:10     | Noticed a boulder beetle
 12473 | D:10     | Killed a boulder beetle
 12852 | D:10     | Found a blossoming altar of Fedhas.
 12853 | D:10     | Found a sacrificial altar of Ru.
 12873 | D:10     | Noticed Snorg
 12900 | D:10     | Killed Snorg
 13882 | D:11     | Noticed a boulder beetle
 13929 | D:11     | Killed a boulder beetle
 14275 | D:11     | Noticed a two-headed ogre
 14290 | D:11     | Killed a two-headed ogre
 14385 | D:11     | Reached skill level 15 in Dodging
 14411 | D:11     | Reached XP level 12. HP: 84/96 MP: 12/12
 14562 | D:11     | Noticed a two-headed ogre
 14575 | D:11     | Killed a two-headed ogre
 15304 | D:11     | Found a staircase to the Orcish Mines.
 15947 | D:11     | Found a staircase to the Lair.
 16303 | D:12     | Reached skill level 10 in Fighting
 16541 | D:12     | Found a viscous altar of Jiyva.
 16639 | D:12     | Noticed Fannar
 17047 | D:12     | Noticed a two-headed ogre
 17062 | D:12     | Killed a two-headed ogre
 17063 | D:12     | Reached skill level 16 in Dodging
 17665 | D:12     | Killed Fannar
 18106 | Lair:1   | Entered Level 1 of the Lair of Beasts
 18557 | Lair:1   | Noticed a death yak
 18558 | Lair:1   | Noticed a death yak
 18596 | Lair:1   | Killed a death yak
 18701 | Lair:1   | Noticed a death yak
 18701 | Lair:1   | Noticed a death yak
 18701 | Lair:1   | Noticed a death yak
 18701 | Lair:1   | Noticed a death yak
 18843 | D:11     | Killed a death yak
 18874 | D:11     | Killed a death yak
 19624 | D:11     | Killed a death yak
 19625 | D:11     | Reached skill level 17 in Dodging
 19625 | D:11     | Reached XP level 13. HP: 77/105 MP: 13/13
 19647 | D:11     | Reached skill level 10 in Throwing
 20665 | Lair:1   | Noticed Harold
 20673 | Lair:1   | Paralysed by Harold for 2 turns
 20684 | Lair:1   | Killed Harold
 21949 | Lair:2   | Reached skill level 18 in Dodging
 23241 | Lair:2   | Found a hole to the Spider Nest.
 23710 | Lair:3   | Mangled by a boulder beetle

Illustrated notes

Levels and vault maps discovered:
D:1:      scummos_arrival_hexagon, layout_loops_ring,
          ebering_ecumenical_altar_webs, serial_shops, shop_fountains
D:2:      layout_rooms, basic_altar, hex_tiny, uniq_natasha
D:3:      layout_basic, doesnt_xom_only_xom, nicolae_tso_besieged_by_evil,
          overflow_temple_1_default, serial_forest, infiniplex_forest_end_1,
          infiniplex_forest_lined_2, infiniplex_forest_clump_medium,
          infiniplex_forest_lined_room_, infiniplex_forest_pool,
          infiniplex_forest_lined_3, infiniplex_forest_clump_small,
          roderic_filled_cross
D:4:      layout_basic
D:5:      layout_rooms, minmay_temple_entry_arrows, chequers_mini_garden,
          uniq_blork_the_orc, uniq_menkaure
D:6:      layout_rooms, lemuel_crystal_altar, uniq_edmund
D:7:      layout_rooms, minmay_fire_ice_demons
D:8:      layout_basic, serial_shops, nicolae_lakefront_shop
D:9:      layout_long_grid, riverfiend_overflow_shadow_ancestor, uniq_maurice
D:10:     layout_small_grid, gammafunk_temple_overflow_wave,
          kennysheep_cross_room, chequers_serial_rivers_room_b,
          minmay_hedge_maze, nicolae_shop_firing_range, uniq_snorg
D:11:     layout_roguey, erik_lair_dragon, hiddenorc1_lemuel,
          nzn_sisyphean_effort
D:12:     layout_loops_corners, jiyva_altar_1, uniq_fannar
Lair:1:   layout_gridlike, dreamdust_gnoll_shepherd, grunt_megastairs_5,
          uniq_harold
Lair:2:   hangedman_what_comes_after_a, layout_loops_ring,
          spider_nest_entry_rubble
Lair:3:   layout_long_grid, swamp_mist, beast_lair_carwin_1

Skill      XL: |  1  2  3  4  5  6  7  8  9 10 11 12 13 |
---------------+----------------------------------------+-----
Armour         | 1 2 3 4 5 6 7 8 |  8.1
Fighting       | 3 4 5 7 8 9 10 11 | 11.7
Dodging        | 5 6 8 11 13 15 17 18 | 18.6
Polearms       | 5 6 7 9 10 11 13 14 | 14.1
Throwing       | 3 4 5 6 7 8 9 10 | 10.8

Action                   |  1- 3 |  4- 6 |  7- 9 | 10-12 | 13-15 || total
-------------------------+-------+-------+-------+-------+-------++-------
Melee: Trident           |   109 |   144 |   539 |  1282 |   795 ||  2869
       Punch             |     1 |     2 |     9 |    17 |    16 ||    45
Throw: Throwing net      |       |       |       |     8 |     2 ||    10
       Javelin           |       |       |       |     1 |       ||     1
Invok: Potion Petition   |       |       |       |     5 |     1 ||     6
Evoke: Wand              |       |       |       |     3 |       ||     3
  Use: Scroll            |     4 |     5 |     6 |    10 |     5 ||    30
       Potion            |     3 |     4 |     4 |     7 |     1 ||    19
 Stab: Sleeping          |     2 |       |     1 |       |     2 ||     5
       Distracted        |       |       |     2 |    10 |     3 ||    15
       Held in net/web   |       |       |       |     5 |       ||     5
       Invisible         |       |       |       |     2 |       ||     2
Armor: Leather armour    |    10 |       |       |       |       ||    10
       Ring mail         |    13 |    61 |   175 |   262 |   143 ||   654
Dodge: Dodged            |    45 |   133 |   476 |   980 |   811 ||  2445
